 Dungeon Crawl Stone Soup version 0.27-a0-1332-g84bddb5ca7 (webtiles) character file.

Game seed: 3104504511643086363

1194 ipx the Conjurer (level 8, -2/41 HPs)
             Began as a Deep Elf Fire Elementalist on June 25, 2021.
             Was an Initiate of Ashenzari.
             Slain by a gnoll (8 damage)
             ... on level 7 of the Dungeon.
             The game lasted 00:28:58 (2206 turns).

ipx the Conjurer (Deep Elf Fire Elementalist)       Turns: 2206, Time: 00:28:59

Health: -2/41      AC:  3    Str:  5    XL:     8   Next: 20%
Magic:  2/14       EV: 12    Int: 23    God:    Ashenzari [......]
Gold:   176        SH:  7    Dex: 15    Spells: 3/13 levels left

rFire    . . .     SeeInvis .   a - +1 rapier (elec)
rCold    + . .     Faith    .   m - +2 buckler
rNeg     . . .     Spirit   .   l - +0 robe
rPois    .         Reflect  .   (no helmet)
rElec    .         Harm     .   (no cloak)
rCorr    .         Rampage  .   g - +0 pair of gloves
Will     .....                  (no boots)
Stlth    +.........             (no amulet)
HPRegen  0.13/turn              w - ring of wizardry
MPRegen  0.14/turn              c - ring of protection from cold

@: mighty, lethally poisoned (-2 -> -16), lit by a corona, glowing
A: no striking features
a: Renounce Religion, Curse Item


You were on level 7 of the Dungeon.
You worshipped Ashenzari.
Ashenzari was noncommittal.
You visited 1 branch of the dungeon, and saw 7 of its levels.

You collected 176 gold pieces.

Inventory:

Hand Weapons
 a - a +1 rapier of electrocution (weapon)
 b - a +2 dagger of pain
Armour
 g - a +0 pair of gloves (worn)
 i - a +0 kite shield
 l - a +0 robe (worn)
 m - a +2 buckler (worn)
Magical Staves
 k - a staff of poison
Jewellery
 c - a ring of protection from cold (right hand)
 j - a ring of ice
 w - a ring of wizardry (left hand)
Scrolls
 d - a scroll of fog
 f - 2 scrolls of vulnerability
 o - 2 scrolls of enchant armour
 p - 2 scrolls of amnesia
 r - 2 scrolls of teleportation
Potions
 e - a potion of might
 h - a potion of heal wounds
 n - a potion of curing
 q - a potion of magic
 s - a potion of haste


   Skills:
 - Level 2.4 Dodging
 - Level 2.4 Stealth
 * Level 3.7 Shields
 - Level 3.0 Spellcasting
 * Level 7.7 Conjurations
 + Level 6.3 Fire Magic


You had 3 spell levels left.
You knew the following spells:

 Your Spells              Type           Power      Damage    Failure   Level
c - Conjure Flame         Conj/Fire      35%        6-21      1%          3
t - Sticky Flame          Conj/Fire      35%        2d5       2%          4
x - Foxfire               Conj/Fire      100%       2x1d9     1%          1
y - Searing Ray           Conj           76%        3d6       1%          2

Your spell library contained the following spells:

 Spells                   Type           Power      Damage    Failure   Level
 Magic Dart               Conj           100%       1d8       1%          1
 Dazzling Flash           Conj/Hex       42%        N/A       3%          3
 Inner Flame              Hex/Fire       18%        N/A       4%          3
 Fireball                 Conj/Fire      17%        3d9       8%          5
 Fulminant Prism          Conj/Hex       10%        3d9       10%         4
 Iskenderun's Mystic Bla  Conj/Tloc      21%        2d6       10%         4


Dungeon Overview and Level Annotations

Branches:
Dungeon (7/15)
 Temple: D:4-7

Altars:
Ashenzari
Dithmenos
Fedhas
Hepliaklqana
Kikubaaqudgha
Makhleb
Uskayaw
Zin

Annotations:
D:5 exclusion: centaur


Message History

Aim: a gnoll shaman, wielding a +0 whip and wearing a +0 robe (83% to hit)
The searing ray misses the gnoll shaman. (Press . to maintain the ray.)
The searing ray hits the gnoll.
The gnoll is heavily wounded.
Without enough magic to sustain it, your searing ray dissipates.
The gnoll shaman calls down the wrath of its god upon you.
You are outlined in light.
You hit the gnoll.
The gnoll is moderately wounded.
The gnoll closely misses you.
The gnoll shaman calls upon its god to heal the gnoll.
The gnoll is healed somewhat.
You hit the gnoll.
The gnoll is heavily wounded.
The gnoll barely misses you.
You hit the gnoll but do no damage. Lightning courses through the gnoll!!
You kill the gnoll!
You hit the gnoll shaman.
The gnoll shaman is moderately wounded.
You hit the gnoll shaman but do no damage.
The gnoll shaman is moderately wounded.
The gnoll shaman hits you with a +0 whip!
You completely miss the gnoll shaman.
The gnoll shaman is moderately wounded.
The gnoll shaman barely misses you.
The gnoll hits you with a +1 flail of venom.
You are poisoned.
Okay, then.
You feel very mighty all of a sudden.
You feel sick. The gnoll shaman misses you.
The gnoll hits you with a +1 flail of venom!
You are lethally poisoned!
You closely miss the gnoll shaman.
The gnoll shaman is moderately wounded.
You feel very sick.
The gnoll shaman hits you with a +0 whip!
* * * LOW HITPOINT WARNING * * *
The gnoll hits you with a +1 flail of venom!
You die...

#..###..#.##.#.......#
#............#.......#
#####[############.......#
......# ##.....## ##.##.#
####### ##...## #.##.#
#.....# ##.## #.##.#
#.....# #.# #.##.#
#<....######.### ##.##[#
#...[.#@g......# ......#
#.....#g#)##...# ##.####
###.###☼#.##...#
#.#########gg.)?...#...#
#.##.......####.#..#...#
#.##.##...(..##........#
#†##.##.##.#.####......#
#.......##.#.# .....##.
####.#####.# # .#.#


You could see a gnoll shaman and a gnoll.

Vanquished Creatures
  Edmund (D:5)
  2 water moccasins (D:7)
  An orc warrior (D:6)
  A necrophage (D:4)
  An ogre (D:4)
  A phantom (D:5)
  2 scorpions
  A water moccasin skeleton (D:6)
  2 hounds
  A centaur skeleton (D:7)
  A bullfrog skeleton (D:4)
  4 orc wizards
  2 gnolls (D:7)
  5 adders
  An ufetubus (D:5)
  2 worms
  2 dart slugs (D:4)
  5 orcs
  7 ball pythons
  3 endoplasms
  A giant cockroach (D:3)
  14 goblins
  10 hobgoblins
  3 jackals (D:2)
  2 quokkas
  5 bats
  4 frilled lizards
  5 kobolds
  7 rats
96 creatures vanquished.

Vanquished Creatures (others)
  240 foxfires
240 creatures vanquished.

Grand Total: 336 creatures vanquished

Notes
Turn   | Place    | Note
-------+----------+-------------------------------------------
     0 | D:1      | ipx the Deep Elf Fire Elementalist began the quest for the
                  | Orb.
     0 | D:1      | Reached XP level 1. HP: 10/10 MP: 6/6
   114 | D:1      | Reached skill level 2 in Conjurations
   114 | D:1      | Reached XP level 2. HP: 11/15 MP: 6/8
   235 | D:1      | Found a faded altar of an unknown god.
   359 | D:2      | Reached XP level 3. HP: 19/19 MP: 2/9
   363 | D:2      | Learned a level 3 spell: Conjure Flame
   395 | D:2      | Reached skill level 3 in Conjurations
   684 | D:2      | Reached XP level 4. HP: 24/24 MP: 5/10
   755 | D:3      | Reached skill level 4 in Conjurations
   762 | D:3      | Learned a level 4 spell: Sticky Flame
   881 | D:3      | Noticed a scorpion
   896 | D:3      | Killed a scorpion
   897 | D:3      | Reached XP level 5. HP: 28/28 MP: 5/11
  1038 | D:3      | Reached skill level 5 in Conjurations
  1202 | D:4      | Reached skill level 5 in Fire Magic
  1202 | D:4      | Reached XP level 6. HP: 32/32 MP: 7/12
  1307 | D:4      | Found a shadowy altar of Dithmenos.
  1307 | D:4      | Found a hide-covered altar of Uskayaw.
  1312 | D:4      | Found a hazy altar of Hepliaklqana.
  1314 | D:4      | Found a blossoming altar of Fedhas.
  1315 | D:4      | Found a broken altar of Ashenzari.
  1407 | D:4      | Reached skill level 1 in Shields
  1465 | D:4      | Reached skill level 6 in Conjurations
  1489 | D:4      | Reached XP level 7. HP: 30/36 MP: 1/13
  1522 | D:4      | Became a worshipper of Ashenzari the Shackled
  1730 | D:5      | Entered Level 5 of the Dungeon
  1732 | D:5      | Noticed Edmund
  1744 | D:5      | Killed Edmund
  1762 | D:5      | Learned a level 2 spell: Searing Ray
  1883 | D:5      | Found an ancient bone altar of Kikubaaqudgha.
  1920 | D:5      | Found a burning altar of Makhleb.
  1920 | D:5      | Found a glowing silver altar of Zin.
  1925 | D:5      | Noticed an angel
  1925 | D:5      | Noticed a balrug
  1974 | D:6      | Reached skill level 7 in Conjurations
  2128 | D:7      | Reached XP level 8. HP: 29/41 MP: 0/14
  2206 | D:7      | Slain by a gnoll

Illustrated notes

Levels and vault maps discovered:
D:1:      shiori_arrival_maze, layout_basic, hellmonk_ecumenical_altar_run_dry
D:2:      minmay_skewed_foursquare, layout_basic, minmay_pentomino_z2
D:3:      layout_loops_corners
D:4:      layout_loops_corners, chequers_temple_overflow_minitemple
D:5:      layout_rooms, grunt_temple_overflow_order_and_chaos_2,
          kennysheep_little_box, uniq_edmund
D:6:      layout_rooms, minmay_temple_entry_glass, glass_columns_a,
          uniq_prince_ribbit1, uniq_menkaure
D:7:      layout_loops_cross, serial_park_tiny_1, uniq_maggie, uniq_pikel

Skill      XL: |  1  2  3  4  5  6  7 |
---------------+----------------------+-----
Conjurations   | 2 3 4 5 6 7 |  7.7
Fire Magic     | 4 5 6 |  6.3
Shields        | 1 3 |  3.7
Dodging        | |  2.4
Stealth        | |  2.4
Spellcasting   | |  3.0

Action                   |  1- 3 |  4- 6 |  7- 9 || total
-------------------------+-------+-------+-------++-------
Melee: Short sword       |       |     1 |       ||     1
       Rapier            |       |       |    17 ||    17
 Cast: Foxfire           |    60 |    59 |    19 ||   138
       Sticky Flame      |       |     4 |     4 ||     8
       Conjure Flame     |       |     2 |     4 ||     6
       Searing Ray       |       |       |     7 ||     7
  Use: Potion            |       |       |     1 ||     1
 Stab: Sleeping          |       |       |     1 ||     1
Armor: Robe              |     2 |     4 |     2 ||     8
Dodge: Dodged            |     5 |     5 |    11 ||    21
Block: Buckler           |       |       |     2 ||     2

Table legend: (Time is in decaauts)
 A = Elapsed time spent in this place.
 B = Non-inter-level travel time spent in this place.
 C = Inter-level travel time spent in this place.
 D = Time resting spent in this place.
 E = Time spent auto-exploring this place.
 F = Levels seen in this place.
 G = Mean time per level.
                   A        B        C        D        E       F      G
               +--------+--------+--------+--------+--------+-----+--------+
         Total |   2269 |   2217 |     52 |      0 |      0 |   7 |  324.1 |
       Dungeon |   2269 |   2217 |     52 |      0 |      0 |   7 |  324.1 |
               +--------+--------+--------+--------+--------+-----+--------+

Top non-repeatable levels by time:
     D:4: 585 daAuts
     D:2: 460 daAuts
     D:3: 419 daAuts
     D:1: 284 daAuts
     D:5: 247 daAuts
     D:7: 217 daAuts
     D:6: 53 daAuts
